Map: New Gettysburg LE

Players

StatiC

  • Race: Protoss Protoss
  • League: Master

Stephano - Winner!

  • Race: Zerg Zerg
  • League: Master

VOD

https://www.youtube.com/channel/UCcSgNfDNxvyisU-eCj9xyNg/playlists

Description

Time

  • Played on: Aug. 26, 2016, 5:25 a.m.
  • Length: 12:52
Show
View Real Time Build Order
Export as new Build Order

StatiC Protoss 

Build Orders:  

Get SALT Encoding   

  12  0:01  Probe (Chrono Boost)  
  13  0:11  Probe (Chrono Boost)  
  14  0:20  Pylon  
  14  0:24  Probe (Chrono Boost)  
  15  0:38  Probe (Chrono Boost)  
  16  0:49  Probe (Chrono Boost)  
  17  1:00  Probe (Chrono Boost)  
  18  1:07  Nexus  
  18  1:18  Forge  
  18  1:22  Probe (Chrono Boost)  
  19  1:32  Gateway  
  19  1:37  Probe (Chrono Boost)  
  20  1:49  Probe (Chrono Boost)  
  20  1:50  Photon Cannon  
  21  1:56  Pylon  
  21  1:59  Probe (Chrono Boost)  
  22  2:07  Assimilator  
  22  2:10  Probe (Chrono Boost)  
  23  2:19  Cybernetics Core  
  23  2:21  Zealot  
  25  2:25  Probe (Chrono Boost)  
  25  2:29  Probe (Chrono Boost)  
  27  2:33  Assimilator  
  27  2:36  Probe (Chrono Boost)  
  28  2:40  Probe (Chrono Boost)  
  29  2:47  Probe (Chrono Boost)  
  29  2:51  Probe (Chrono Boost)  
  31  2:56  Adept  
  31  2:57  Probe (Chrono Boost)  
  34  3:01  Probe (Chrono Boost), Warp Gate  
  35  3:08  Probe (Chrono Boost)  
  35  3:12  Probe (Chrono Boost)  
  37  3:13  Pylon  
  37  3:18  Probe (Chrono Boost)  
  38  3:22  Probe (Chrono Boost)  
  39  3:29  Mothership Core (Chrono Boost)  
  39  3:31  Gateway  
  39  3:33  Probe (Chrono Boost)  
  42  3:34  Stalker  
  44  3:42  Pylon  
  44  3:43  Probe (Chrono Boost)  
  44  3:47  Probe (Chrono Boost)  
  46  3:54  Probe (Chrono Boost)  
  47  4:00  Probe (Chrono Boost)  
  46  4:03  Stargate  
  46  4:04  Probe (Chrono Boost)  
  46  4:06  Adept  
  49  4:11  Probe (Chrono Boost), Assimilator  
  49  4:13  Assimilator, Gateway  
  50  4:18  Probe (Chrono Boost)  
  50  4:23  Probe (Chrono Boost)  
  52  4:26  Pylon  
  52  4:28  Adept  
  52  4:29  Probe (Chrono Boost)  
  55  4:33  Probe (Chrono Boost)  
  55  4:35  Adept  
  58  4:39  Probe (Chrono Boost)  
  58  4:42  Pylon  
  58  4:44  Probe (Chrono Boost)  
  60  4:46  Oracle  
  60  4:49  Protoss Ground Weapons Level 1  
  63  4:53  Probe (Chrono Boost)  
  63  4:56  Pylon  
  64  5:00  Probe (Chrono Boost)  
  64  5:04  Pylon  
  65  5:08  Nexus  
  65  5:10  Pylon  
  65  5:12  Probe (Chrono Boost)  
  66  5:19  Sentry x3  
  72  5:23  Probe (Chrono Boost)  
  72  5:26  Probe (Chrono Boost)  
  73  5:32  Void Ray  
  73  5:33  Probe (Chrono Boost)  
  78  5:37  Probe (Chrono Boost)  
  79  5:43  Twilight Council, Gateway  
  79  5:44  Probe (Chrono Boost)  
  79  5:48  Gateway  
  80  5:51  Stalker, Sentry  
  80  5:53  Adept  
  83  5:58  Probe x2 (Chrono Boost)  
  85  6:04  Gateway  
  85  6:05  Gateway  
  85  6:14  Probe (Chrono Boost)  
  85  6:15  Probe (Chrono Boost), Oracle  
  84  6:18  Sentry  
  84  6:23  Adept  
  84  6:24  Adept  
  90  6:26  Gateway  
  90  6:27  Pylon  
  90  6:33  Robotics Facility  
  90  6:35  Probe x2 (Chrono Boost)  
  90  6:37  Probe (Chrono Boost)  
  93  6:45  Probe (Chrono Boost)  
  92  6:48  Adept x3  
  92  6:50  Probe x2 (Chrono Boost)  
  92  6:53  Void Ray  
  104  6:59  Probe (Chrono Boost)  
  104  7:00  Probe (Chrono Boost)  
  104  7:01  Probe (Chrono Boost)  
  107  7:05  Protoss Ground Weapons Level 2  
  107  7:09  Zealot x2  
  107  7:10  Zealot  
  113  7:16  Pylon  
  113  7:22  Warp Prism  
  113  7:23  Charge  
  113  7:25  Probe (Chrono Boost)  
  113  7:27  Assimilator  
  113  7:28  Assimilator  
  116  7:30  Stalker, Sentry  
  116  7:32  Pylon  
  120  7:40  Zealot x3, Adept  
  128  7:50  Gateway  
  128  7:52  Pylon  
  128  7:57  Zealot  
  128  7:58  Zealot  
  132  8:04  Void Ray, Observer  
  137  8:07  Zealot  
  137  8:08  Zealot  
  137  8:12  Pylon  
  141  8:14  Pylon  
  141  8:15  Pylon  
  141  8:20  Zealot x3, Stalker  
  149  8:34  Immortal  
  153  8:39  Zealot x2  
  157  8:44  Templar Archives  
  157  8:45  Zealot x2, Pylon  
  157  8:47  Void Ray  
  159  9:07  Zealot x4  
  159  9:09  Zealot x2  
  171  9:12  Probe (Chrono Boost)  
  171  9:14  Zealot  
  174  9:22  Pylon  
  174  9:24  Protoss Ground Weapons Level 3  
  174  9:30  Immortal  
  174  9:31  Void Ray  
  178  9:41  Zealot  
  178  9:42  Zealot x4  
  178  9:43  Zealot  
  188  9:47  Pylon  
  188  9:49  Pylon  
  184  9:55  Psionic Storm  
  176  10:03  High Templar x2  
  180  10:14  High Templar, Immortal  
  184  10:15  High Templar  
  188  10:21  Pylon  
  188  10:23  Pylon  
  188  10:28  Probe (Chrono Boost)  
  188  10:37  Nexus  
  188  10:39  Pylon  
  188  10:43  Zealot x3  
  188  10:45  High Templar  
  194  10:56  Observer  
  125  11:05  Zealot x2, Probe x2 (Chrono Boost)  
  125  11:06  Zealot x3  
  112  11:15  Zealot  
  112  11:17  Immortal, Probe (Chrono Boost)  
  112  11:18  Probe x2 (Chrono Boost)  
  99  11:21  Void Ray  
  103  11:26  Zealot x4, Sentry  
  103  11:30  Probe (Chrono Boost)  
  114  11:35  High Templar  
  114  11:36  Probe (Chrono Boost)  
  114  11:38  Probe (Chrono Boost)  
  117  11:44  High Templar  
  119  11:50  High Templar x2  
  119  11:52  High Templar x2, Zealot  
  129  11:56  Archon  
  129  11:59  Immortal  
  121  12:10  Zealot  
  127  12:17  Zealot x2  
  102  12:24  Probe x2 (Chrono Boost), Archon  
  81  12:30  Zealot x2  
  81  12:31  Zealot x2  
Show
View Real Time Build Order
Export as new Build Order

Stephano Zerg - Winner!

Build Orders: Pool First 

Get SALT Encoding   

  12  0:01  Drone  
  13  0:13  Overlord  
  13  0:18  Drone  
  14  0:32  Drone x2  
  17  0:35  Drone  
  17  0:46  Drone  
  18  0:50  Spawning Pool  
  18  0:57  Drone  
  18  1:14  Drone  
  19  1:19  Hatchery  
  19  1:23  Drone  
  19  1:26  Extractor  
  18  1:36  Zergling x2  
  18  1:37  Queen  
  21  1:40  Zergling x2  
  22  1:51  Overlord  
  22  2:10  Drone  
  22  2:12  Queen, Drone  
  26  2:23  Drone  
  27  2:32  Drone  
  27  2:34  Drone  
  29  2:37  Metabolic Boost  
  29  2:41  Hatchery  
  29  2:44  Overlord  
  28  2:48  Drone  
  28  2:50  Drone  
  30  2:57  Drone x2  
  30  2:58  Drone  
  33  3:03  Drone x2  
  35  3:09  Queen  
  35  3:12  Drone  
  38  3:16  Drone  
  38  3:17  Drone  
  38  3:18  Drone  
  41  3:21  Drone  
  41  3:24  Drone x2  
  41  3:27  Extractor  
  43  3:31  Drone  
  44  3:38  Evolution Chamber  
  44  3:40  Overlord  
  43  3:42  Overlord  
  43  3:45  Zergling x2  
  44  3:52  Queen  
  44  3:53  Drone  
  46  4:03  Drone  
  46  4:04  Drone x2  
  46  4:05  Drone x3  
  46  4:07  Drone, Zerg Melee Weapons Level 1  
  46  4:08  Drone  
  54  4:11  Drone x2  
  54  4:14  Overlord  
  56  4:17  Baneling Nest  
  56  4:18  Drone x2  
  57  4:27  Zergling x10  
  61  4:32  Overlord  
  61  4:39  Pneumatized Carapace  
  61  4:40  Drone x2  
  61  4:42  Queen  
  65  4:52  Overlord  
  65  4:53  Spore Crawler  
  65  4:54  Drone  
  65  4:56  Spore Crawler, Drone  
  65  4:57  Drone  
  66  5:02  Drone x3  
  66  5:05  Zergling x2  
  66  5:06  Zergling x8  
  74  5:08  Overlord  
  74  5:10  Queen  
  74  5:12  Overlord  
  76  5:18  Drone x2  
  76  5:20  Extractor  
  75  5:29  Zergling x12  
  81  5:36  Drone x3  
  81  5:38  Zergling x8  
  81  5:40  Baneling x3  
  81  5:41  Baneling x2  
  81  5:42  Baneling  
  88  5:43  Baneling x2  
  88  5:44  Baneling x2  
  88  5:45  Hatchery  
  87  5:58  Drone x3  
  87  6:00  Zergling x2  
  87  6:01  Zergling x6  
  87  6:03  Zerg Ground Armor Level 1  
  94  6:05  Evolution Chamber  
  90  6:17  Zergling x22  
  92  6:23  Drone x2  
  93  6:26  Drone  
  93  6:29  Roach Warren  
  93  6:31  Baneling x4  
  93  6:32  Drone x2  
  95  6:35  Drone x2  
  95  6:47  Drone x3  
  95  6:49  Overlord x4  
  95  6:54  Hatchery  
  96  6:59  Drone x5  
  101  7:07  Overlord  
  101  7:10  Overlord  
  101  7:11  Hatchery, Overlord  
  101  7:13  Roach x4  
  108  7:20  Lair  
  108  7:27  Drone  
  108  7:28  Drone x5, Extractor  
  108  7:29  Drone  
  114  7:30  Zergling x6  
  114  7:34  Roach x4  
  114  7:36  Ravager x3  
  129  7:37  Ravager  
  129  7:54  Hatchery  
  129  7:58  Overlord  
  128  7:59  Zergling x4  
  128  8:00  Zergling x16  
  138  8:16  Overlord  
  138  8:18  Queen  
  138  8:19  Zerg Melee Weapons Level 2, Zerg Ground Armor Level 2  
  140  8:21  Zergling x12  
  140  8:22  Zergling x14  
  153  8:31  Centrifical Hooks  
  153  8:45  Zergling x24  
  153  8:46  Drone  
  153  8:47  Drone x6  
  170  9:01  Queen  
  170  9:03  Baneling  
  170  9:06  Infestation Pit, Spine Crawler  
  170  9:07  Drone x5  
  170  9:08  Spine Crawler  
  172  9:12  Zergling x2  
  172  9:13  Zergling x26  
  186  9:26  Overlord  
  186  9:29  Overlord x3  
  186  9:30  Overlord  
  183  9:39  Baneling  
  183  9:40  Baneling x9  
  175  10:01  Zergling x10  
  175  10:02  Zergling x46  
  175  10:04  Hive  
  200  10:14  Hatchery  
  200  10:17  Hatchery  
  200  10:19  Drone x2  
  196  10:37  Baneling x12  
  196  10:38  Baneling x6  
  196  10:41  Extractor  
  159  11:05  Zergling x6  
  159  11:06  Zergling x38  
  147  11:19  Zergling x24  
  147  11:20  Zergling x46  
  179  11:34  Zergling x20  
  179  11:35  Zergling x12  
  195  11:42  Baneling  
  195  11:43  Baneling x14  
  195  11:44  Baneling x5  
  195  11:52  Baneling x3  
  195  11:58  Zergling x10  
  179  12:19  Zergling x30  
  179  12:20  Zergling x10  
  184  12:31  Zergling x2  
  184  12:32  Zergling x32  
  187  12:46  Ravager x3  
Tags
 
Add a new tag
Caveats
  • Supply blocks, unpowered buildings, or Contaminate may cause inaccurate times.
  • Supply counts are checked every 10 seconds.